 Dungeon Crawl Stone Soup version 0.22.1-2-g9c5b331 (webtiles) character file.

3161 Heatsaber the Archer (level 9, -9/78 HPs)
             Began as a Centaur Arcane Marksman on Dec 29, 2018.
             Mangled by Gastronok (26 damage)
             ... on level 8 of the Dungeon.
             The game lasted 01:30:20 (11005 turns).

Heatsaber the Archer (Centaur Arcane Marksman)     Turns: 11005, Time: 01:30:21

Health: -9/78      AC: 15    Str: 15    XL:     9   Next: 62%
Magic:  5/10       EV:  9    Int: 13    God:
Gold:   462        SH:  0    Dex: 10    Spells: 1/10 levels left

rFire    . . .     SeeInvis .   G - +2 glaive (protect)
rCold    . . .     Gourm    .   (shield currently unavailable)
rNeg     . . .     Faith    .   c - +0 leather armour
rPois    .         Spirit   .   q - +2 hat
rElec    .         Reflect  .   p - +0 cloak
rCorr    .         Harm     .   s - +0 pair of gloves
MR       .....                  (no barding)
Stlth    ..........             (no amulet)
HPRegen  0.23/turn              (no ring)
MPRegen  0.12/turn              (no ring)

@: silence, marked, protection aura, very slightly contaminated, invisible, very
quick
A: large, hooves 3, deformed body, speed 2, tough skin 3
a: no special abilities


You were on level 8 of the Dungeon.
You were not hungry.

You visited 2 branches of the dungeon, and saw 9 of its levels.

You collected 492 gold pieces.
You spent 30 gold pieces at shops.

Inventory:

Hand Weapons
 a - a +0 shortbow
 g - a +0 dagger
 m - a +0 halberd
 G - a +2 glaive of protection (weapon)
 J - a +4 scimitar of flaming
Missiles
 d - 27 arrows
Armour
 c - a +0 leather armour (worn)
 e - a +0 robe
 p - a +0 cloak (worn)
 q - a +2 hat (worn)
 s - a +0 pair of gloves (worn)
 H - a +0 plate armour
Jewellery
 i - an uncursed ring of teleportation
Wands
 z - a wand of flame (23)
 B - a wand of random effects (17)
 E - a wand of paralysis (11)
Scrolls
 b - a scroll of magic mapping
 j - 7 scrolls of remove curse
 o - 2 scrolls of amnesia
 t - a scroll of fog
 u - 2 scrolls of fear
 I - a scroll of enchant weapon {unknown}
Potions
 h - a potion of resistance
 k - a potion of ambrosia {unknown}
 l - 3 potions of curing
 n - 2 potions of brilliance
 v - a potion of lignification {unknown}
 w - a potion of mutation
 A - a potion of magic
 D - a potion of cancellation {unknown}
Comestibles
 f - 8 rations


   Skills:
 + Level 6.8 Fighting
 + Level 12.8 Bows
 - Level 1.3 Dodging
 - Level 1.0 Spellcasting
 - Level 5.2 Hexes
 - Level 3.1 Fire Magic


You had one spell level left.
You knew the following spells:

 Your Spells              Type           Power        Failure   Level  Hunger
a - Corona                Hex            ##.....      4%          1    ##.....
b - Slow                  Hex            ##......     6%          2    ###....
c - Inner Flame           Hex/Fire       ##......     19%         3    ####...
d - Portal Projectile     Hex/Tloc       #.....       34%         3    ####...

Your spell library contained the following spells:

 Spells                   Type           Power        Failure   Level  Hunger
 Magic Dart               Conj           #...         34%         1    ##.....
 Dazzling Spray           Conj/Hex       #.....       34%         3    ####...
 Cause Fear               Hex            ##........   38%         4    #####..
 Searing Ray              Conj           #.....       45%         2    ###....
 Fulminant Prism          Conj/Hex       #.........   75%         4    #####..
 Leda's Liquefaction      Hex/Erth       #.........   75%         4    #####..
 Force Lance              Conj/Tloc      #.......     98%         4    #####..
 Iskenderun's Mystic Bla  Conj           #.......     98%         4    #####..


Dungeon Overview and Level Annotations

Branches:
Dungeon (8/15)             Temple (1/1) D:7
   Lair: D:8-11

Altars:
Ashenzari
Cheibriados
Dithmenos
Elyvilon
Fedhas
Gozag
Hepliaklqana
Kikubaaqudgha
Makhleb
Qazlal
Ru
Sif Muna
Trog
Uskayaw
Vehumet
Wu Jian
Xom
Yredelemnul
Zin
The Shining One

Shops:
D:4 ?   D:5 }

Annotations:
D:3 Gildeon's ghost, amateur DEFE; Harpaggios's ghost, amateur GnSk; HerrDoktor's ghost, amateur DrBe
D:6 Prince Ribbit
D:8 Gastronok; Harold


Innate Abilities, Weirdness & Mutations

You have hooves in place of feet.
Armour fits poorly on your strangely shaped body.
You cover ground very quickly.
You have extremely tough skin. (AC +3)


Message History

You feel much better. Harold hits you with a scimitar.
* * * LOW HITPOINT WARNING * * *
You catch the helpless Harold completely off-guard!
You slash Harold!
Your weapon exudes an aura of protection.
Your kick misses Harold.
Harold is heavily wounded.
Harold completely misses you. Gastronok bites you but does no damage.
Harold hits you with a scimitar!
* * * LOW HITPOINT WARNING * * *
Unknown command.
Unknown command.
You closely miss Harold. You kick Harold, but do no damage.
Harold is heavily wounded.
Harold closely misses you. Gastronok barely misses you.
You hit Harold but do no damage.
Your weapon exudes an aura of protection.
Harold is heavily wounded.
Harold hits you but does no damage. Gastronok bites you!!
You die...

###.# #.######(###.#
....# # #.# #(# #.#
###.# ##.##<######(#
#.# # #.#
#...^.......<###.#
###..
.....##w#####...##.#
..#... .... #§#
#.#....# ..#.... ...
#§# ##...#.>#
..#.#.....
#w####...##..#
..#.#....
#§@@§§.#.....#
..#.#.#.
######...##.##
)....... ##.###.#
<##.#.# #.###.#
.÷w...#
########.....#
.###.##
#............# .#
###.#########.## .#
#.%... #.# ##
##..... #.#


You could see Gastronok and Harold.

Vanquished Creatures
  Erica (D:8)
  Pikel (D:6)
  A water moccasin (D:8)
  An orc warrior (D:8)
  A sky beast (D:4)
  A black bear (D:6)
  A centaur (D:5)
  4 ogres
  3 bullfrogs
  2 scorpions
  2 howler monkeys
  5 crimson imps
  3 hounds
  A centaur skeleton (D:5)
  2 orc priests (D:8)
  A bullfrog skeleton (D:8)
  An orc wizard (D:8)
  Jessica (D:3)
  4 iguanas
  3 worker ants
  A hound skeleton (D:7)
  9 adders
  11 gnolls
  2 oozes
  5 worms
  2 dart slugs (D:4)
  6 leopard geckos
  7 orcs
  7 giant cockroaches
  2 gnoll zombies (D:4)
  7 goblins
  8 hobgoblins
  7 jackals
  7 quokkas
  10 bats
  5 frilled lizards
  5 kobolds
  2 quokka zombies
  10 rats
152 creatures vanquished.

Vanquished Creatures (others)
  2 withered plants (D:3)
2 creatures vanquished.

Grand Total: 154 creatures vanquished

Notes
Turn   | Place    | Note
-------+----------+-------------------------------------------
     0 | D:1      | Heatsaber the Centaur Arcane Marksman began the quest for
                  | the Orb.
     0 | D:1      | Reached XP level 1. HP: 16/16 MP: 2/2
    85 | D:1      | Reached skill level 3 in Bows
   291 | D:1      | Reached XP level 2. HP: 23/23 MP: 3/3
   295 | D:1      | Learned a level 2 spell: Slow
  1074 | D:2      | Reached XP level 3. HP: 16/28 MP: 1/4
  1111 | D:2      | Reached skill level 4 in Bows
  1919 | D:2      | Reached XP level 4. HP: 33/35 MP: 5/5
  2405 | D:2      | Reached skill level 5 in Bows
  2587 | D:3      | Found a runed gate.
  2590 | D:3      | Found a runed gate.
  2591 | D:3      | Found a runed gate.
  2606 | D:3      | Noticed HerrDoktor's ghost (amateur DrBe)
  2608 | D:3      | Noticed Harpaggios's ghost (amateur GnSk)
  2610 | D:3      | Noticed Gildeon's ghost (amateur DEFE)
  2717 | D:3      | Reached XP level 5. HP: 40/40 MP: 4/6
  2723 | D:3      | Learned a level 3 spell: Inner Flame
  2860 | D:3      | Noticed Jessica
  2876 | D:3      | Killed Jessica
  3588 | D:4      | Noticed an ogre
  3841 | D:4      | Found Citan's Magic Scroll Shoppe.
  3849 | D:4      | Bought a scroll of teleportation for 30 gold pieces
  4084 | D:4      | Noticed a phantom
  4195 | D:4      | Killed an ogre
  4195 | D:4      | Reached skill level 6 in Bows
  4195 | D:4      | Reached XP level 6. HP: 28/47 MP: 1/7
  4409 | D:4      | Found a burning altar of Makhleb.
  4620 | D:4      | Reached skill level 5 in Hexes
  4725 | D:4      | Reached skill level 7 in Bows
  4741 | D:4      | Found a basalt altar of Yredelemnul.
  4965 | D:5      | Entered Level 5 of the Dungeon
  4990 | D:4      | Reached skill level 1 in Fire Magic
  5020 | D:5      | Reached XP level 7. HP: 18/52 MP: 8/8
  5575 | D:5      | Reached skill level 8 in Bows
  6112 | D:5      | HP: 2/52 [centaur (4)]
  6113 | D:5      | Reached skill level 9 in Bows
  6411 | D:5      | Found Givir's Gadget Boutique.
  6668 | D:6      | Reached XP level 8. HP: 59/59 MP: 4/9
  6848 | D:6      | Learned a level 3 spell: Portal Projectile
  6891 | D:6      | Reached skill level 10 in Bows
  7411 | D:6      | Noticed Prince Ribbit
  8182 | D:7      | Found a staircase to the Ecumenical Temple.
  8188 | Temple   | Entered the Ecumenical Temple
  8384 | D:7      | Noticed Pikel
  8680 | D:6      | Killed Pikel
  8680 | D:6      | Reached skill level 11 in Bows
  8881 | D:7      | Reached XP level 9. HP: 59/73 MP: 2/10
  8932 | D:7      | Found a white marble altar of Elyvilon.
  9307 | D:8      | Noticed Gastronok
  9315 | D:8      | Reached skill level 5 in Fighting
  9801 | D:8      | Noticed Erica
  9834 | D:8      | Killed Erica
  9834 | D:8      | Reached skill level 12 in Bows
 10722 | D:8      | Noticed Harold
 10774 | D:7      | Found a glowing silver altar of Zin.
 11005 | D:8      | Mangled by Gastronok

Skill      XL: |  1  2  3  4  5  6  7  8  9 |
---------------+----------------------------+-----
Bows           | 3 4 5 6 7 9 11 12 | 12.8
Hexes          | 3 4 5 |  5.2
Fire Magic     | 1 3 |  3.1
Fighting       | 4 6 |  6.8
Dodging        | |  1.3
Spellcasting   | |  1.0

Action                   |  1- 3 |  4- 6 |  7- 9 || total
-------------------------+-------+-------+-------++-------
Melee: Shortbow          |    11 |       |       ||    11
       Dagger            |    81 |   111 |     1 ||   193
       Kick              |    13 |    35 |    58 ||   106
       Halberd           |       |    97 |   328 ||   425
       Glaive            |       |       |    44 ||    44
 Fire: Shortbow          |    74 |    86 |   226 ||   386
 Cast: Corona            |     8 |    24 |    28 ||    60
       Slow              |     2 |    11 |    64 ||    77
       Inner Flame       |       |     3 |     4 ||     7
       Portal Projectile |       |       |     2 ||     2
Evoke: Wand              |       |       |     1 ||     1
  Use: Scroll            |     4 |     6 |    11 ||    21
       Potion            |     1 |       |     9 ||    10
 Stab: Invisible         |       |       |     1 ||     1
  Eat: Chunk             |     3 |    10 |    15 ||    28
       Ration            |       |       |     3 ||     3
Armor: Robe              |     5 |       |       ||     5
       Leather armour    |    23 |   106 |   221 ||   350
Dodge: Dodged            |    59 |   134 |   232 ||   425
